 Dungeon Sprint DCSS version 0.31-a0-963-ga325b2283a (webtiles) character file.

Game seed: 1548880839967718183

30159 sircluck the Brawler (level 13, 0/156 HPs)
             Began as a Troll Berserker on Oct 25, 2023.
             Was a Priest of Trog.
             Killed from afar by an ice dragon (25 damage)
             ... with a blast of cold
             ... in the Dungeon (Sprint VII: "The Pits").
             The game lasted 00:10:31 (2875 turns).

sircluck the Brawler (Troll Berserker)              Turns: 2875, Time: 00:10:33

Health: 0/156      AC:  7    Str: 32    XL:     13   Next: 19%
Magic:  13/13      EV: 14    Int:  3    God:    Trog [***...]
Gold:   64         SH:  0    Dex:  9    Spells: 12/12 levels left

rFire   . .          .
                       - Unarmed
rCold   + . .        (no shield)
rNeg    . . .        a - +0 animal skin
rPois   .            (helmet restricted)
rElec   .            (no cloak)
rCorr   .            (gloves unavailable)
SInv    .            (boots unavailable)
Will    .....        (no amulet)
Stlth   +            l - +3 ring of protection
HPRegen 1.26/turn    r - ring of protection from cold
MPRegen 0.13/turn

%: no teleportation
@: on berserk cooldown, slowed, very slow
A: large, unfitting armour, claws 3, regeneration 1, shaggy fur 1, tough skin 1,
antennae 1, talons 1, high MP 1, MP-powered wands
a: Renounce Religion, Berserk, Trog's Hand


You were in the Dungeon.
You worshipped Trog.
Trog was most pleased with you.
You visited 1 branch You collected 64 gold pieces.

Inventory:

Armour
 a - a +0 animal skin (worn)
Jewellery
 l - a +3 ring of protection (left claw)
 p - a ring of protection from fire
 r - a ring of protection from cold (right claw)
 s - a +4 ring of protection
Wands
 q - a wand of acid (2)
 x - a wand of mindburst (10)
Scrolls
 g - a scroll of blinking
 i - 2 scrolls of vulnerability
 j - a scroll of butterflies
 o - 3 scrolls of identify
 t - a scroll of fog
 u - 6 scrolls of enchant armour
 v - a scroll of fear
 w - 2 scrolls of enchant weapon
Potions
 b - 10 potions of curing
 c - 5 potions of heal wounds
 d - 4 potions of haste
 e - 4 potions of magic
 f - 8 potions of berserk rage
 h - 2 potions of invisibility
 k - 3 potions of mutation
 m - 2 potions of might
 n - 2 potions of resistance


   Skills:
 + Level 17.3 Fighting
 + Level 7.1 Armour
 + Level 17.1 Dodging
 + Level 20.0 Unarmed Combat


You had 12 spell levels left.
You didn't know any spells.
Your spell library was empty.

Dungeon Overview and Level Annotations

Branches:
Dungeon (1/1)

Altars:
Ashenzari
Cheibriados
Dithmenos
Elyvilon
Fedhas
Gozag
Hepliaklqana
Kikubaaqudgha
Makhleb
Nemelex Xobeh
Okawaru
Qazlal
Ru
Sif Muna
Trog
Uskayaw
Vehumet
Wu Jian
Xom
Yredelemnul
Zin
The Shining One
Jiyva
Lugonu


Innate Abilities, Weirdness & Mutations

You are too large for most types of armour.
You have claws for hands.
Your natural rate of healing is unusually fast.
You are covered in fur. (AC +1)
You have tough skin. (AC +1)
You have a pair of small antennae on your head.
You have sharp toenails.
You have an increased reservoir of magic. (+10% MP)
You expend magic power (3 MP) to strengthen your wands.


Message History

* * * LOW HITPOINT WARNING * * *
The ice dragon claws you!
* * * LOW HITPOINT WARNING * * *
The ice dragon barely misses you.
Unknown command.
Unknown command.
You scratch the ice dragon but do no damage.
You claw the ice dragon, but do no damage.
The ice dragon is almost dead.
You feel sick.
You are no longer poisoned.
The ice dragon breathes frost at you. The blast of cold hits you! You resist.
* * * LOW HITPOINT WARNING * * *
Unknown command.
Unknown command.
Unknown command.
Unknown command.
Unknown command.
Unknown command.
You feel much better. The ice dragon bites you!
* * * LOW HITPOINT WARNING * * *
The ice dragon barely misses you. The ice dragon misses you.
An alligator snapping turtle comes into view.
The ice dragon bites you.
* * * LOW HITPOINT WARNING * * *
The ice dragon barely misses you. The ice dragon closely misses you.
The alligator snapping turtle barely misses you.
Blink to where?
Press: ? - help, Q - select action, (/) - cycle Dir - move target
As you read the scroll of blinking, it crumbles to dust.
You fail to use your ability.
Your black bear goes berserk!
You can no longer call in reinforcements.
The ice dragon breathes frost at you.
The blast of cold hits your black bear!!!
Your black bear dies!
Your black bear's corpse disappears in a puff of smoke!
The blast of cold hits you!! You resist.
You die...

*,,,,,,,,**,,**,,,**,,,********++
*,,*,,*,,*,,,,*,,,*,,,,,,*#......
,,,,,,,,,,,,,,,,,,*,,,,,,*#......
,,,*,,*,,,,,,,,,,,*,,,,,,++..#...
*,,,,,,,,*,,,,*,,,*,,,,,,++......
**************************#......
****#######################..#...
,,,*#....................''......
,,,*#...)t.D..§.@........''......
,,,*#.t################..##..#...
,,,*#..#*.#,*,*{*{*{*{#..##......
,,,*#.O#§#,*,*,*,*,*,*#..##......
,,,*#.)N#,*,*,*,*,*,*{#..####''##
,,,*#..#.#,*,*,*,*,*,*#..####''##
,,,*#..##.#{*{*{*{*{*{#..##......
****#..################..##.#'##.
#####....................##.#::+.


You could see an alligator snapping turtle and an ice dragon (catching breath).

Vanquished Creatures
  A royal mummy (D)
  A bone dragon (D)
  A Tzitzimitl (D)
  A titan (D)
  A nagaraja (D)
  A vampire knight (D)
  A yellow draconian (D)
  A merfolk aquamancer (D)
  A death knight (D)
  An alligator (D)
  2 vampire magi (D)
  An occultist (D)
  A fire crab (D)
  An orc knight (D)
  2 phantasmal warriors (D)
  A deep elf zephyrmancer (D)
  3 manticores (D)
  An elephant (D)
  2 guardian serpents (D)
  A smoke demon (D)
  An orange demon (D)
  2 freezing wraiths (D)
  A guardian mummy (D)
  A red devil (D)
  A merfolk (D)
  A troll (D)
  A hellwing (D)
  A tyrant leech (D)
  3 glass eyes (D)
  A snapping turtle (D)
  A flying skull (D)
  3 water elementals (D)
  A wraith (D)
  A fire elemental (D)
  A redback (D)
  4 vampire mosquitoes (D)
  An acid dragon (D)
  3 orc warriors (D)
  An ice beast (D)
  A black bear (D)
  2 ogres (D)
  8 wolves (D)
  A centaur (D)
  A necrophage (D)
  A wight (D)
  5 killer bees (D)
  A crimson imp (D)
  A hound (D)
  An orc priest (D)
  An iguana (D)
  Terence (D)
  3 orc wizards (D)
  A gnoll (D)
  3 orcs (D)
  A giant cockroach (D)
  A hobgoblin (D)
  3 kobolds (D)
  2 quokkas (D)
  A ball python skeleton (D)
  2 rats (D)
95 creatures vanquished.

Vanquished Creatures (collateral kills)
  A fire giant (D)
  A daeva (D)
  A minotaur (D)
  A boulder beetle (D)
  A two-headed ogre (D)
  A flayed ghost (D)
  A black mamba (D)
  2 naga magi (D)
  A cane toad (D)
  An efreet (D)
  A hornet (D)
  A shadow (D)
  A chaos spawn (D)
  A basilisk (D)
  A naga (D)
  A bullfrog (D)
  3 wights (D)
  A hound (D)
  An orc wizard (D)
  4 orcs (D)
  A bat zombie (D)
  A ball python simulacrum (D)
28 creatures vanquished.

Vanquished Creatures (others)
  A swamp drake (D)
  A goblin (D)
2 creatures vanquished.

Grand Total: 125 creatures vanquished

Notes
Turn   | Place    | Note
-------+----------+-------------------------------------------
     0 | D        | sircluck the Troll Berserker began the quest for the Orb.
     0 | D        | Reached XP level 1. HP: 22/22 MP: 0/0
    11 | D        | Noticed a glass eye
    21 | D        | Killed a glass eye
    22 | D        | Reached skill level 5 in Fighting
    22 | D        | Reached skill level 5 in Dodging
    22 | D        | Reached skill level 7 in Unarmed Combat
    22 | D        | Reached XP level 2. HP: 36/36 MP: 1/1
    22 | D        | Reached XP level 3. HP: 44/44 MP: 2/2
    22 | D        | Reached XP level 4. HP: 52/52 MP: 3/3
    22 | D        | Reached XP level 5. HP: 59/59 MP: 4/4
   209 | D        | Found a bloodstained altar of Trog.
   209 | D        | Found a shimmering blue altar of Sif Muna.
   209 | D        | Found a viscous altar of Jiyva.
   209 | D        | Found a hazy altar of Hepliaklqana.
   209 | D        | Found an opulent altar of Gozag.
   210 | D        | Found a glowing golden altar of the Shining One.
   210 | D        | Found a glowing silver altar of Zin.
   210 | D        | Found a basalt altar of Yredelemnul.
   210 | D        | Found a shimmering altar of Xom.
   210 | D        | Found an ornate altar of the Wu Jian Council.
   210 | D        | Found a sacrificial altar of Ru.
   210 | D        | Found a stormy altar of Qazlal.
   210 | D        | Found an iron altar of Okawaru.
   210 | D        | Found a sparkling altar of Nemelex Xobeh.
   210 | D        | Found a burning altar of Makhleb.
   210 | D        | Found a blossoming altar of Fedhas.
   210 | D        | Found a white marble altar of Elyvilon.
   210 | D        | Found a shadowy altar of Dithmenos.
   210 | D        | Found a snail-covered altar of Cheibriados.
   212 | D        | Found a radiant altar of Vehumet.
   212 | D        | Found a corrupted altar of Lugonu.
   213 | D        | Found a hide-covered altar of Uskayaw.
   213 | D        | Found an ancient bone altar of Kikubaaqudgha.
   213 | D        | Found a broken altar of Ashenzari.
   250 | D        | Reached ** piety under Trog
   260 | D        | Noticed a glass eye
   273 | D        | Killed a glass eye
   274 | D        | Reached skill level 8 in Unarmed Combat
   274 | D        | Reached XP level 6. HP: 71/71 MP: 5/5
   299 | D        | Reached *** piety under Trog
   390 | D        | Reached **** piety under Trog
   393 | D        | Reached skill level 9 in Unarmed Combat
   403 | D        | Reached XP level 7. HP: 49/79 MP: 6/6
   446 | D        | Reached ***** piety under Trog
   462 | D        | Noticed a phantasmal warrior
   468 | D        | HP: 3/120 [phantasmal warrior (35)]
   469 | D        | Killed a phantasmal warrior
   470 | D        | Reached skill level 10 in Unarmed Combat
   470 | D        | Reached XP level 8. HP: 4/92 MP: 7/7
   557 | D        | Reached skill level 11 in Unarmed Combat
   573 | D        | Noticed a hellwing
   587 | D        | Received a gift from Trog
   595 | D        | Killed a hellwing
   596 | D        | Noticed a flying skull
   604 | D        | Reached skill level 10 in Fighting
   606 | D        | Reached skill level 10 in Dodging
   608 | D        | Killed a flying skull
   609 | D        | Reached skill level 12 in Unarmed Combat
   643 | D        | Gained mutation: You have an increased reservoir of magic.
                  | (+10% MP) [potion of mutation]
   643 | D        | Gained mutation: Your flesh is cold resistant. (rC+)
                  | [potion of mutation]
   644 | D        | Lost mutation: Your flesh is cold resistant. (rC+) [potion
                  | of mutation]
   644 | D        | Lost mutation: You have an increased reservoir of magic.
                  | (+10% MP) [potion of mutation]
   644 | D        | Gained mutation: You have a pair of small antennae on your
                  | head. [potion of mutation]
   644 | D        | Gained mutation: You have an increased reservoir of magic.
                  | (+10% MP) [potion of mutation]
   644 | D        | Gained mutation: You expend magic power (3 MP) to
                  | strengthen your wands. [potion of mutation]
   644 | D        | Gained mutation: You have sharp toenails. [potion of
                  | mutation]
   741 | D        | Reached XP level 9. HP: 95/102 MP: 8/8
   744 | D        | Reached ****** piety under Trog
   758 | D        | Noticed a deep elf zephyrmancer
   775 | D        | Killed a deep elf zephyrmancer
   833 | D        | Received a gift from Trog
   834 | D        | Reached skill level 13 in Unarmed Combat
   837 | D        | Noticed an efreet
   838 | D        | Noticed a phantasmal warrior
   839 | D        | Noticed a boulder beetle
   846 | D        | Killed an efreet
   850 | D        | Killed a phantasmal warrior
   852 | D        | Killed a boulder beetle
   853 | D        | Reached XP level 10. HP: 62/115 MP: 10/10
   936 | D        | Reached skill level 14 in Unarmed Combat
  1002 | D        | Received a gift from Trog
  1007 | D        | Noticed a vampire knight
  1007 | D        | Noticed an orange demon
  1012 | D        | Killed an orange demon
  1022 | D        | Killed a vampire knight
  1074 | D        | Noticed an elephant
  1076 | D        | Noticed a death knight
  1093 | D        | Killed an elephant
  1116 | D        | Killed a death knight
  1116 | D        | Received a gift from Trog
  1117 | D        | Reached skill level 15 in Unarmed Combat
  1207 | D        | Noticed a merfolk aquamancer
  1254 | D        | Killed a merfolk aquamancer
  1325 | D        | Received a gift from Trog
  1325 | D        | Noticed an orc knight
  1326 | D        | Reached XP level 11. HP: 119/127 MP: 11/11
  1335 | D        | Killed an orc knight
  1350 | D        | Noticed an occultist
  1357 | D        | Killed an occultist
  1358 | D        | Reached skill level 16 in Unarmed Combat
  1363 | D        | Received a gift from Trog
  1429 | D        | Noticed a titan
  1435 | D        | Killed a titan
  1484 | D        | Noticed a yellow draconian
  1488 | D        | Killed a yellow draconian
  1666 | D        | Received a gift from Trog
  1667 | D        | Reached skill level 17 in Unarmed Combat
  1779 | D        | Received a gift from Trog
  1793 | D        | Reached skill level 15 in Fighting
  1930 | D        | Noticed a vampire mage
  1945 | D        | Killed a vampire mage
  2001 | D        | Noticed an alligator
  2005 | D        | Killed an alligator
  2005 | D        | Received a gift from Trog
  2006 | D        | Reached skill level 15 in Dodging
  2036 | D        | Noticed a two-headed ogre
  2036 | D        | Noticed Terence
  2041 | D        | Noticed a fire crab
  2043 | D        | Received a gift from Trog
  2045 | D        | Killed a two-headed ogre
  2046 | D        | Reached skill level 18 in Unarmed Combat
  2046 | D        | Reached XP level 12. HP: 142/143 MP: 12/12
  2050 | D        | Killed Terence
  2057 | D        | Received a gift from Trog
  2351 | D        | Noticed a storm dragon
  2351 | D        | Noticed a spriggan defender
  2351 | D        | Noticed a bone dragon
  2351 | D        | Noticed a white draconian
  2351 | D        | Noticed a red draconian
  2351 | D        | Noticed a Hell Sentinel
  2351 | D        | Noticed a naga warrior
  2351 | D        | Noticed a yaktaur captain
  2351 | D        | Noticed a naga warrior
  2351 | D        | Noticed a nagaraja
  2386 | D        | Reached skill level 1 in Armour
  2411 | D        | Noticed a royal mummy
  2419 | D        | Noticed a death scarab
  2419 | D        | Noticed a death scarab
  2421 | D        | Killed a royal mummy
  2421 | D        | Received a gift from Trog
  2501 | D        | Noticed a Tzitzimitl
  2509 | D        | Killed a Tzitzimitl
  2510 | D        | Reached skill level 19 in Unarmed Combat
  2562 | D        | Noticed a bone dragon
  2574 | D        | Killed a bone dragon
  2575 | D        | Reached skill level 5 in Armour
  2697 | D        | Identified the +4 tower shield of the Forest {rCorr Dex+5}
  2697 | D        | Noticed a daeva
  2697 | D        | Noticed a fire giant
  2698 | D        | Noticed a minotaur
  2699 | D        | Killed a fire giant
  2704 | D        | Identified the +3 flail "Killer Klown's Peril" {drain,
                  | Drain rN++ Str+2}
  2708 | D        | Killed a daeva
  2710 | D        | Received a gift from Trog
  2718 | D        | Killed a minotaur
  2719 | D        | Reached XP level 13. HP: 150/156 MP: 13/13
  2822 | D        | Received a gift from Trog
  2829 | D        | Identified the +6 quarterstaff of the Coward {vamp, rF+ rC+
                  | Will+++ Str-2}
  2834 | D        | Noticed a nagaraja
  2843 | D        | Noticed a jiangshi
  2856 | D        | Killed a nagaraja
  2857 | D        | Reached skill level 20 in Unarmed Combat
  2870 | D        | HP: 3/156 [ice dragon/blast of cold (16)]
  2875 | D        | Killed from afar by an ice dragon

Illustrated notes

Levels and vault maps discovered:
D:        pitsprint [storerooms_1, entrance_room_1, metal_vault_3, armoury_1,
          mini_pit_1, grid_room_1, main_hall_1, silver_pit, the_coven_3,
          the_vestibule_1, steel_vault_4, golden_pit, hallway_of_sentries,
          crystal_vault_3, iron_vault_1, final_vault]

Skill      XL: |  1  2  3  4  5  6  7  8  9 10 11 12 13 |
---------------+----------------------------------------+-----
Fighting       | 5 7 9 10 12 13 15 17 | 17.3
Dodging        | 5 7 9 10 11 13 15 16 17 | 17.1
Unarmed Combat | 7 8 9 10 12 13 15 18 19 20 | 20.0
Armour         | 6 7 |  7.1

Action                     |  1- 3 |  4- 6 |  7- 9 | 10-12 | 13-15 || total
---------------------------+-------+-------+-------+-------+-------++-------
  Melee: Unarmed           |     9 |    40 |    83 |   189 |    23 ||   344
         Punch             |       |     2 |     2 |    12 |       ||    16
         Kick              |       |       |     2 |    57 |    10 ||    69
 Invoke: Berserk           |       |       |     2 |     9 |     1 ||    12
         Brothers in Arms  |       |       |     1 |     6 |     4 ||    11
    Use: Potion            |       |       |     2 |       |     1 ||     3
         Scroll            |       |       |       |     1 |     1 ||     2
   Stab: Distracted        |       |       |       |     1 |       ||     1
 Armour: Animal skin       |       |    18 |    67 |   162 |    21 ||   268
  Dodge: Dodged            |       |    19 |    55 |    95 |    19 ||   188

Table legend: (Time is in decaauts)
 A = Elapsed time spent in this place.
 B = Non-inter-level travel time spent in this place.
 C = Inter-level travel time spent in this place.
 D = Time resting spent in this place.
 E = Time spent auto-exploring this place.
 F = Levels seen in this place.
 G = Mean time per level.
                   A        B        C        D        E       F      G
               +--------+--------+--------+--------+--------+-----+--------+
         Total |   2900 |   2815 |     85 |   1201 |    344 |   1 | 2900.0 |
       Dungeon |   2900 |   2815 |     85 |   1201 |    344 |   1 | 2900.0 |
               +--------+--------+--------+--------+--------+-----+--------+

Top non-repeatable levels by time:
       D: 2900 daAuts
